 Dungeon Crawl Stone Soup version 0.18-a0-816-g97f838e (webtiles) character file.

18151 M4edhros the Covert (level 12, -3/68 HPs)
             Began as an Octopode Artificer on Dec 15, 2015.
             Was a High Priest of Fedhas.
             Slain by a polar bear (14 damage)
             ... in an ice cave.
             The game lasted 00:37:59 (14670 turns).

M4edhros the Covert (Octopode Artificer)           Turns: 14670, Time: 00:38:00

Health: -3/68      AC:  2    Str: 13    XL:     12   Next: 55%
Magic:  31/31      EV: 22    Int: 17    God:    Fedhas [*****.]
Gold:   774        SH: 10    Dex: 24    Spells: 0 memorised, 11 levels left

rFire  . . .     SeeInvis +     i - +0 dagger (venom)
rCold  + . .     Clarity  .     N - +0 shield
rNeg   . . .     SustAt   +     (helmet restricted)
rPois  +         Gourm    .     O - amulet of dismissal
rElec  .         Spirit   .     e - ring of see invisible
rCorr  .         Dismiss  +     k - ring of stealth
rMut   .         Stasis   .     W - +2 ring of dexterity
MR     .....                    R - ring of Patience {rC+ MP+9 Dex+7 Slay-4 Stlth+}
Stlth  ++++++++++               X - ring of sustain attributes
                                (no ring)
                                (no ring)
                                (no ring)

@: agile, not resistant to hostile enchantments, uncannily stealthy
A: almost no armour, amphibious, 8 rings, constrict 8, molten scales 1,
camouflage 1, clumsy 1, dopey 1, high mp 1, poison resistance, screaming 1,
strong 1, gelatinous body 1
a: Evolution, Sunlight, Growth, Reproduction, Rain, Renounce Religion


You were in an ice cave.
You worshipped Fedhas.
Fedhas was extremely pleased with you.
You were hungry.

You visited 2 branches of the dungeon, and saw 14 of its levels.
You also visited: Ice Cave.

You collected 924 gold pieces.
You spent 150 gold pieces at shops.

Inventory:

Hand Weapons
 a - a +3 trident
 i - a +0 dagger of venom (weapon)
 C - a +0 blowgun
 G - a +0 hunting sling
 S - a +0 scimitar of electrocution
Missiles
 h - 474 stones (quivered)
 s - 164 bolts
 u - 9 silver sling bullets
 w - 66 sling bullets
 E - 10 curare-tipped needles
 M - 11 sling bullets of flame
Armour
 N - a +0 shield (worn)
Jewellery
 e - a ring of see invisible (left tentacle)
 k - a ring of stealth (right tentacle)
 O - an amulet of dismissal (around mantle)
 R - the ring of Patience (on tentacle) {rC+ MP+9 Dex+7 Slay-4 Stlth+}
   (You found it on level 11 of the Dungeon)

   [ring of magical power]

   It affects your dexterity (+7).
   It affects your accuracy and damage with ranged weapons and melee attacks
   (-4).
   It protects you from cold.
   It affects your magic capacity (+9).
   It makes you more stealthy.
 W - a +2 ring of dexterity (on tentacle)
 X - a ring of sustain attributes (on tentacle)
Wands
 b - a wand of flame (1)
 c - a wand of enslavement (1)
 g - a wand of flame (12)
 x - a wand of random effects (33)
 D - a wand of frost (18)
 P - a wand of confusion (32)
 Z - a wand of digging (13)
Scrolls
 l - 3 scrolls of remove curse
 o - 3 scrolls of magic mapping
 q - a scroll of recharging
 r - 6 scrolls of teleportation
 t - a scroll of enchant weapon
 y - a scroll of fear
 z - 2 scrolls of blinking
 A - 2 scrolls of enchant armour
 L - a scroll of silence
Potions
 d - 2 potions of curing
 j - 2 potions of brilliance
 m - 2 potions of flight
 H - a potion of cancellation
 K - a potion of resistance
Books
 I - a book of Ice

   Spells                             Type                      Level
   a - Ice Form                       Ice/Transmutation            4
   b - Metabolic Englaciation         Hexes/Ice                    5
   c - Ozocubu's Refrigeration        Ice                          6
   d - Bolt of Cold                   Conjuration/Ice              6
   e - Freezing Cloud                 Conjuration/Ice/Air          6
   f - Simulacrum                     Ice/Necromancy               6
 J - a book of Cantrips

   Spells                             Type                      Level
   a - Corona                         Hexes                        1
   b - Animate Skeleton               Necromancy                   1
   c - Summon Small Mammal            Summoning                    1
   d - Apportation                    Translocation                1
Miscellaneous
 v - 2 phantom mirrors
 T - a phial of floods
 Y - a fan of gales
Comestibles
 f - 4 bread rations
 n - 2 beef jerkies
 B - 2 slices of pizza
 Q - 4 fruits
 U - 2 meat rations


   Skills:
 - Level 1.0 Fighting
 - Level 1.0 Short Blades
 * Level 9.4 Slings
 + Level 7.3 Dodging
 + Level 13.9 Stealth
 * Level 3.6 Shields
 + Level 8.2 Invocations
 + Level 11.4 Evocations


You had 11 spell levels left.
You didn't know any spells.

Dungeon Overview and Level Annotations

Branches:
Dungeon (13/15)            Temple (1/1) D:6            Lair (0/8) D:9
    Orc (0/2) D:10
 Vaults: D:13-14

Altars:
Ashenzari
Cheibriados
Dithmenos
Fedhas
Gozag
Kikubaaqudgha
Okawaru
Pakellas
Qazlal
Ru
Sif Muna
Trog
Xom
Yredelemnul
Zin
The Shining One

Shops:
D:7 ?   D:9 *   D:10 (   D:13 }


Innate Abilities, Weirdness & Mutations

You cannot wear most types of armour.
You are amphibious.
You can wear up to eight rings at the same time.
You can use your tentacles to constrict eight enemies at once.
Your skin changes colour to match your surroundings (Stealth).
Your rubbery body absorbs attacks (AC +1).
You are partially covered in molten scales (AC +1).
You are clumsy. (Dex -2)
You are dopey. (Int -2)
You have an increased reservoir of magic (+10% MP).
Your system is resistant to poisons.
You occasionally shout uncontrollably at your foes.
Your muscles are strong. (Str +2)


Message History

You hit the polar bear but do no damage.
Your squeeze misses the polar bear.
The polar bear is moderately wounded.
You constrict the wolf.
You are feeling hungry.
The wolf bites you!
* * * LOW HITPOINT WARNING * * *
The polar bear completely misses you. You block the polar bear's attack.
The polar bear claws you.
* * * LOW HITPOINT WARNING * * *
Drink which item? (? for menu, Esc to quit)
Okay, then.
Evoke which item? (* to show all) (? for menu, Esc to quit)
Zapping:
c - a wand of enslavement (2)
Press: ? - help, Shift-Dir - straight line, f/p - polar bear
Aim: a polar bear (moderately wounded, poisoned, chance to defeat MR: 69%)
The polar bear struggles to resist.
This wand has 1 charge left.
You constrict the wolf. You block the wolf's attack. The polar bear bites you!
You die...
Fedhas appreciates your contribution to the ecosystem.

#####
#####...##
##∩.......#
#......#..#
#....###..#
#∩#.###..##
######.@.#
#hh## #..##
...## #....
###.# ##


You could see a polar bear and a wolf.

Vanquished Creatures
  A vault guard (D:13)
  Erica (D:8)
  A tengu warrior (D:13)
  Sonja (D:13)
  Pikel (D:4)
  A gargoyle (D:13)
  A wandering mushroom (D:13)
  A centaur skeleton (D:13)
  A two-headed ogre (D:13)
  Prince Ribbit (D:6)
  A wyvern (D:9)
  A yak (D:11)
  2 wolves (IceCv)
  Menkaure (D:7)
  A vampire mosquito (D:13)
  A hippogriff (D:8)
  2 ice beasts
  A sky beast (D:6)
  A slave (D:4)
  An orc warrior (D:13)
  A black bear (D:11)
  2 centaurs
  2 ogres
  A big kobold (D:9)
  3 giant frogs
  Dowan (D:6)
  A wyvern skeleton (D:11)
  3 worker ants
  2 scorpions
  A water moccasin skeleton (D:9)
  5 crimson imps
  2 orc priests
  5 jellies
  5 giant frog skeletons
  2 giant frog zombies
  3 hounds
  Terence (D:3)
  2 human skeletons (D:7)
  Jessica (D:3)
  Natasha (thrice) (D:3)
  An iguana (D:11)
  Ijyb (D:3)
  11 orc wizards
  A hound skeleton (D:7)
  A mummy (D:7)
  4 gnolls
  11 adders
  2 shadow imps
  An adder skeleton (D:8)
  A worm (D:2)
  29 orcs
  4 giant cockroaches
  8 goblins
  5 hobgoblins
  3 jackals (D:1)
  6 quokkas
  9 bats
  5 giant geckos
  A giant gecko zombie (D:5)
  3 giant newts
  7 kobolds
  A quokka skeleton (D:3)
  3 rats
186 creatures vanquished.

Vanquished Creatures (collateral kills)
  2 vault guards (D:13)
  Fannar (D:10)
  A centaur warrior (D:13)
  7 hill giants
  A wolf spider zombie (D:13)
  2 ugly things
  3 deep elf magi
  2 gargoyles
  A komodo dragon (D:9)
  2 trolls
  The ghost of JokEr the Skirmisher, an amateur GrFi of Okawaru (D:4)
  2 wraiths (D:7)
  3 hippogriffs
  2 wyverns
  A shadow (D:13)
  A hungry ghost (D:10)
  15 yaks
  A spatial vortex (D:9)
  A vampire mosquito (D:13)
  Duvessa (D:6)
  3 black bears
  A phantom (D:11)
  8 orc warriors
  2 ogres
  8 ice beasts
  4 centaurs
  2 sky beasts
  An eye of draining (D:9)
  An elf skeleton (D:7)
  6 giant frogs
  9 killer bees (D:9)
  2 scorpions
  A water moccasin skeleton (D:10)
  4 wights (D:7)
  A troll skeleton (D:7)
  2 hounds
  A jelly (D:5)
  A quasit (D:11)
  5 centaur skeletons
  4 crimson imps
  A gnoll shaman (D:7)
  3 orc priests
  3 human skeletons (D:7)
  11 orc wizards
  3 iguanas
  8 worker ants
  An ogre skeleton (D:7)
  A mummy (D:7)
  5 gnolls
  2 hound skeletons
  2 shadow imps
  3 adders
  A worm (D:4)
  2 giant geckos
  20 orcs
  A giant cockroach (D:3)
  3 hobgoblins
  A ball python (D:3)
  2 bats
  5 goblins
  A kobold (D:3)
  A rat (D:3)
196 creatures vanquished.

Vanquished Creatures (others)
  A vault guard (D:13)
  A shambling mangrove (D:13)
  An ugly thing (D:13)
  10 wandering mushrooms
  A polar bear (IceCv)
  A trapdoor spider zombie (D:13)
  2 slaves (D:4)
  2 ogres
  An orc wizard (D:9)
  A hound skeleton (D:4)
  A worker ant zombie (D:7)
  An orc (D:10)
  2 plants (D:9)
  238 toadstools
263 creatures vanquished.

Grand Total: 645 creatures vanquished

Notes
Turn   | Place    | Note
--------------------------------------------------------------
     0 | D:1      | M4edhros the Octopode Artificer began the quest for the Orb.
     0 | D:1      | Reached XP level 1. HP: 13/13 MP: 3/3
   224 | D:2      | Reached XP level 2. HP: 18/18 MP: 4/4
   679 | D:2      | Reached XP level 3. HP: 14/23 MP: 5/5
   915 | D:3      | Noticed Terence
   943 | D:3      | Reached skill level 4 in Evocations
   987 | D:3      | Killed Terence
   987 | D:3      | Reached XP level 4. HP: 17/28 MP: 7/7
  1219 | D:4      | Noticed a slave
  1219 | D:4      | Noticed a slave
  1228 | D:4      | Reached XP level 5. HP: 33/33 MP: 8/8
  1280 | D:4      | Reached skill level 5 in Evocations
  1392 | D:4      | Found a sacrificial altar of Ru.
  1435 | D:4      | Found a basalt altar of Yredelemnul.
  1466 | D:4      | Noticed an ogre
  1475 | D:4      | Noticed a slave
  1483 | D:4      | Reached skill level 5 in Stealth
  2171 | D:4      | Reached XP level 6. HP: 28/38 MP: 10/10
  2195 | D:4      | Noticed Pikel
  2207 | D:4      | Killed Pikel
  2207 | D:4      | Reached skill level 8 in Stealth
  2207 | D:4      | Reached XP level 7. HP: 24/43 MP: 10/12
  2209 | D:4      | Noticed JokEr's ghost (amateur GrFi)
  2533 | D:5      | Entered Level 5 of the Dungeon
  2880 | D:5      | Reached XP level 8. HP: 48/48 MP: 13/13
  2900 | D:5      | Found a deep blue altar of Sif Muna.
  3295 | D:6      | Reached skill level 9 in Stealth
  3388 | D:6      | Found a staircase to the Ecumenical Temple.
  3397 | Temple   | Entered the Ecumenical Temple
  3418 | Temple   | Became a worshipper of Xom of Chaos
  3426 | Temple   | Fell from the grace of Xom
  3426 | Temple   | Became a worshipper of Fedhas Madash
  3591 | D:3      | Noticed Natasha
  3593 | D:3      | Killed Natasha
  3599 | D:3      | Noticed Ijyb
  3604 | D:3      | Killed Ijyb
  3751 | D:3      | Found a glowing golden altar of the Shining One.
  3806 | D:3      | Noticed Jessica
  3808 | D:3      | Killed Jessica
  3825 | D:3      | Reached * piety under Fedhas
  3861 | D:3      | Noticed Natasha
  3866 | D:3      | Killed Natasha
  3978 | D:3      | XOM: summons 2 hostile demons
  4030 | D:3      | XOM: polymorph wandering mushroom -> shambling mangrove
  4436 | D:2      | XOM: severe Hex miscast
  5178 | D:3      | Reached skill level 10 in Stealth
  5197 | D:3      | Found an oddly glowing altar of Pakellas.
  5342 | D:4      | Killed JokEr's ghost
  5342 | D:4      | Reached skill level 1 in Invocations
  5564 | D:6      | Noticed Prince Ribbit
  5567 | D:6      | Killed Prince Ribbit
  5567 | D:6      | Reached XP level 9. HP: 53/53 MP: 15/15
  5683 | D:6      | XOM: summons 4 hostile shadow creatures
  5777 | D:6      | XOM: summons 1 hostile demon
  5793 | D:6      | XOM: give mutations
  5793 | D:6      | Gained mutation: You occasionally shout uncontrollably at your foes. [Xom's mischief]
  5793 | D:6      | Gained mutation: You are clumsy. (Dex -2) [Xom's mischief]
  5836 | D:6      | Gained mutation: Your mind is acute. (Int +2) [mutagenic meat]
  5837 | D:6      | Gained mutation: Your spells are a little easier to cast, but a little less powerful. [mutagenic meat]
  6104 | D:6      | XOM: god gift: potion of brilliance
  6131 | D:6      | XOM: divination: detect items
  6187 | D:6      | Found an opulent altar of Gozag.
  6187 | D:6      | Found a shattered altar of Ashenzari.
  6233 | D:6      | Noticed Duvessa
  6233 | D:6      | Noticed Dowan
  6243 | D:6      | Killed Dowan
  6251 | D:6      | Killed Duvessa
  6576 | D:3      | XOM: summons 2 hostile shadow creatures
  6584 | D:3      | Noticed Natasha
  6591 | D:3      | Killed Natasha
  6928 | D:5      | XOM: medium Hex miscast
  7203 | D:7      | Found Neoxzov's Magic Scroll Shop.
  7215 | D:7      | Bought a scroll of blinking for 90 gold pieces
  7215 | D:7      | Bought a scroll of teleportation for 36 gold pieces
  7215 | D:7      | Bought a scroll of identify for 24 gold pieces
  7225 | D:7      | XOM: noise
  7253 | D:7      | Reached skill level 1 in Slings
  7272 | D:7      | Reached ** piety under Fedhas
  7289 | D:7      | XOM: severe Trmt miscast
  7378 | D:7      | XOM: polymorph wandering mushroom -> shambling mangrove
  7445 | D:7      | Noticed Menkaure
  7486 | D:7      | Killed Menkaure
  7486 | D:7      | Reached skill level 11 in Stealth
  7882 | D:7      | Found an ancient bone altar of Kikubaaqudgha.
  8555 | D:8      | XOM: 4-stop teleportation journey
  8662 | D:8      | Found a snail-covered altar of Cheibriados.
  8742 | D:8      | Reached XP level 10. HP: 37/58 MP: 17/17
  8811 | D:8      | Noticed Erica
  8815 | D:8      | XOM: noise
  8827 | D:8      | Killed Erica
  8827 | D:8      | Reached skill level 5 in Invocations
  9061 | D:8      | XOM: medium Trmt miscast
  9328 | D:9      | Reached skill level 5 in Dodging
  9692 | D:9      | Found an oddly glowing altar of Pakellas.
  9714 | D:9      | XOM: mild Pois miscast
  9751 | D:9      | Reached skill level 12 in Stealth
  9846 | D:9      | Reached skill level 5 in Slings
  9848 | D:9      | Reached *** piety under Fedhas
  9897 | D:9      | Found Koam Eraro's Demolitions Depot.
 10011 | D:9      | XOM: mild Conj miscast
 10019 | D:9      | Reached skill level 10 in Evocations
 10156 | D:9      | XOM: mild Ice miscast
 10317 | D:9      | XOM: medium Summ miscast
 10393 | D:9      | Found a staircase to the Lair.
 10525 | D:9      | XOM: mild Divn miscast
 10638 | D:10     | XOM: noise
 10638 | D:10     | Entered Level 10 of the Dungeon
 10638 | D:10     | Noticed a hill giant
 10642 | D:10     | Killed a hill giant
 10646 | D:10     | XOM: mild Erth miscast
 10686 | D:10     | Reached XP level 11. HP: 35/63 MP: 18/18
 10687 | D:10     | Noticed a hill giant
 10694 | D:10     | Killed a hill giant
 10714 | D:9      | XOM: medium Hex miscast
 10792 | D:9      | XOM: noise
 10990 | D:10     | Killed Fannar
 11208 | D:10     | Found Xioli's Weapon Boutique.
 11211 | D:10     | Noticed a hill giant
 11220 | D:10     | Killed a hill giant
 11227 | D:10     | XOM: harmless Summ miscast
 11232 | D:10     | Noticed a hill giant
 11241 | D:10     | Killed a hill giant
 11266 | D:10     | Reached **** piety under Fedhas
 11414 | D:10     | Found a staircase to the Orcish Mines.
 11488 | D:10     | Found a stormy altar of Qazlal.
 11687 | D:10     | XOM: mild Tloc miscast
 11901 | D:11     | XOM: mild Chrm miscast
 11940 | D:11     | XOM: medium Tloc miscast
 11940 | D:11     | Was forgiven by Xom
 11971 | D:11     | Reached skill level 13 in Stealth
 12118 | D:11     | Noticed a deep elf mage
 12129 | D:11     | Killed a deep elf mage
 12181 | D:11     | Noticed a hill giant
 12195 | D:11     | Killed a hill giant
 12223 | D:11     | Got a steaming wooden ring
 12227 | D:11     | Identified the ring of Patience {rC+ MP+9 Dex+7 Slay-4 Stlth+} (You found it on level 11 of the Dungeon)
 12239 | D:11     | Reached ***** piety under Fedhas
 13204 | D:12     | Gained mutation: Your system is resistant to poisons. [mutagenic meat]
 13205 | D:12     | Lost mutation: Your mind is acute. (Int +2) [mutagenic meat]
 13783 | D:13     | Noticed a hill giant
 13786 | D:13     | Killed a hill giant
 13808 | D:13     | Gained mutation: You are dopey. (Int -2) [mutagenic meat]
 13900 | D:13     | Lost mutation: Your spells are a little easier to cast, but a little less powerful. [potion of mutation]
 13900 | D:13     | Gained mutation: You are partially covered in molten scales (AC +1). [potion of mutation]
 13918 | D:13     | Found Tuso Dyg's Gadget Boutique.
 13982 | D:13     | Reached XP level 12. HP: 45/68 MP: 20/20
 14000 | D:13     | Noticed Sonja
 14000 | D:13     | Noticed a tengu warrior
 14003 | D:13     | Killed a tengu warrior
 14003 | D:13     | Reached skill level 1 in Shields
 14005 | D:13     | Killed Sonja
 14296 | D:13     | Noticed a vault guard
 14302 | D:13     | Noticed a centaur warrior
 14305 | D:13     | Noticed a vault guard
 14309 | D:13     | Killed a centaur warrior
 14311 | D:13     | Noticed a vault guard
 14313 | D:13     | Killed a vault guard
 14324 | D:13     | Killed a vault guard
 14328 | D:13     | Noticed a vault guard
 14363 | D:13     | Killed a vault guard
 14381 | D:13     | Gained mutation: You have an increased reservoir of magic (+10% MP). [mutagenic meat]
 14383 | D:13     | Gained mutation: Your muscles are strong. (Str +2) [mutagenic meat]
 14384 | D:13     | Found a frozen archway.
 14431 | IceCv    | Entered an ice cave
 14670 | IceCv    | Slain by a polar bear

Vault maps used:
D:1:      saegor_arrival_simple_a
D:2:      kennysheep_the_goblin_king
D:3:      nicolae_tso_carved_into_rock, grunt_pakellas_basics, uniq_natasha,
          uniq_jessica, uniq_terence, uniq_iyjb
D:4:      lemuel_doored_altar, first_bread, yredelemnul_altar_generic,
          uniq_pikel
D:5:      lemuel_blue_sif_altar
D:6:      gammafunk_temple_overflow_wave, temple_pool_b, uniq_prince_ribbit1,
          uniq_duvessa
D:7:      lemuel_mausoleum_altar_kikubaaqudgha, serial_shops, shop,
          uniq_menkaure
D:8:      cheibriados_altar_1, uniq_erica
D:9:      lemuel_coloured_pillars_altar, david_lair_shrubbed,
          nicolae_blasting_shop
D:10:     hangedman_cross_stitches, david_orc_2, serial_shops, shop,
          basic_altar, uniq_fannar
D:13:     lightli_vaults_fourway_checkpoint, serial_shops, shop,
          portal_ice_cave_entry_ice_beasts, uniq_sonja
Temple:   circular_temple_12
IceCv:    ice_cave_caverns_03

Action                   |  1- 3 |  4- 6 |  7- 9 | 10-12 || total
-------------------------+-------+-------+-------+-------++-------
Melee: Short sword       |    17 |       |       |       ||    17
       Dagger            |    35 |    18 |   256 |   186 ||   495
       Trident           |       |       |       |    56 ||    56
       Scimitar          |       |       |       |     8 ||     8
 Fire: Hunting sling     |       |       |     7 |   213 ||   220
Invok: Evolution         |       |       |     9 |     7 ||    16
Evoke: Wand              |     7 |    17 |     9 |    15 ||    48
  Use: Potion            |     3 |     4 |     4 |    12 ||    23
       Scroll            |       |       |     6 |     6 ||    12
 Stab: Sleeping          |     4 |     4 |    28 |    22 ||    58
       Distracted        |       |       |     2 |     2 ||     4
       Invisible         |       |       |     1 |       ||     1
  Eat: Chunk             |       |     1 |     4 |     7 ||    12
       Meat ration       |       |     1 |     2 |     3 ||     6
       Bread ration      |       |       |     1 |     1 ||     2
       Pizza             |       |       |     1 |       ||     1
